 Dungeon Crawl Stone Soup version 0.30.0-19-g36f170ea60 (webtiles) character file.

Game seed: 15601012979970739482

4 Graphine the Grave Robber (level 1, 0/15 HPs)
             Began as a Ghoul Necromancer on May 31, 2023.
             Slain by a kobold
             ... wielding a +0 club
              (2 damage)
             ... on level 1 of the Dungeon.
             The game lasted 00:01:12 (42 turns).

Graphine the Grave Robber (Ghoul Necromancer)         Turns: 42, Time: 00:01:12

Health: 0/15       AC:  2    Str: 11    XL:     1   Next: 70%
Magic:  1/2        EV: 12    Int: 10    God:
Gold:   0          SH:  0    Dex:  9    Spells: 2/3 levels left

rFire   . . .        (no weapon)
rCold   + . .        (no shield)
rNeg    + + +        a - +0 robe
rPois   ∞            (no helmet)
rElec   .            (no cloak)
rCorr   .            (no gloves)
SInv    .            (no boots)
Will    .....        (no amulet)
Stlth   ++           (no ring)
HPRegen 0.00/turn    (no ring)
MPRegen 0.08/turn

%: no passive effects
@: inhibited regen
A: claws 1, cold resistance 1, negative energy resistance 3, inhibited
regeneration, torment resistance 2, devour on kill
a: no special abilities


You were on level 1 of the Dungeon.
You visited 1 branch of the dungeon, and saw 1 of its levels.

Inventory:

Armour
 a - a +0 robe (worn)
Scrolls
 c - a scroll of brand weapon {unknown}
 d - a scroll of fear {unknown}
Potions
 b - a potion of magic


   Skills:
 + Level 0.5 Fighting
 - Level 1.7 Dodging
 - Level 2.1 Stealth
 + Level 1.9 Spellcasting
 + Level 4.0 Necromancy


You had 2 spell levels left.
You knew the following spells:

 Your Spells              Type           Power      Damage    Failure   Level
a - Necrotise             Necr           36%        1d5       6%          1

Your spell library contained the following spells:

 Spells                   Type           Power      Damage    Failure   Level
 Vampiric Draining        Necr           9%         2d6       19%         3
 Animate Dead             Necr           9%         N/A       52%         4
 Agony                    Necr           9%         N/A       86%         5


Dungeon Overview and Level Annotations

Branches:
Dungeon (1/15)

Altars:


Innate Abilities, Weirdness & Mutations

You are immune to poison.
You have sharp fingernails.
Your flesh is cold resistant. (rC+)
You are immune to negative energy. (rN+++)
You do not regenerate when monsters are visible.
You are immune to unholy pain and torment.
You thrive by killing the living.


Message History

The kobold shouts! x2
The dart slug launches a dart at you. The slug dart misses you.
A giant cockroach comes into view.
The rat bites you.
You are out of magic!
You scratch the dart slug.
You kill the dart slug!
The rat bites you but does no damage.
You scratch the rat.
You kill the rat!
You scratch the dart slug.
The dart slug is moderately wounded.
The dart slug misses you.
You scratch the dart slug.
The dart slug is severely wounded.
The dart slug launches a dart at you. The slug dart hits you.
The giant cockroach barely misses you.
You scratch the dart slug but do no damage.
The dart slug is severely wounded.
The giant cockroach bites you but does no damage.
Okay, then.
You barely miss the kobold. The dart slug misses you.
The giant cockroach misses you. The kobold hits you but does no damage.
You closely miss the kobold. The giant cockroach barely misses you.
The dart slug launches a dart at you. The slug dart misses you.
The kobold hits you with a +0 club.
You closely miss the kobold.
The giant cockroach barely misses you. x2
The kobold hits you with a +0 club.
* * * LOW HITPOINT WARNING * * *
The dart slug bites you.
* * * LOW HITPOINT WARNING * * *
You scratch the kobold.
The kobold is heavily wounded.
The giant cockroach closely misses you. The kobold closely misses you.
You scratch the kobold but do no damage.
The kobold is heavily wounded.
The dart slug closely misses you. The giant cockroach barely misses you.
The kobold hits you with a +0 club.
You die...

###?.. ... ### .....
..##... .... .......
... ...?... #.. .......
#.K#....... ###########
#BwK...#
##.........####.@#
..............##.#.#
....⌠...⌠.......†..#
.⌠.........⌠...##..#
......≈.........#..#
⌠...........⌠...#....
...≈.....≈......+..#..
⌠..........(⌠...#.##...
......≈.........#.# ##


You could see a dart slug, a giant cockroach and 2 kobolds.

Vanquished Creatures
  A dart slug (D:1)
  A giant cockroach (D:1)
  A rat (D:1)
3 creatures vanquished.

Notes
Turn   | Place    | Note
-------+----------+-------------------------------------------
     0 | D:1      | Graphine the Ghoul Necromancer began the quest for the Orb.
     0 | D:1      | Reached XP level 1. HP: 14/14 MP: 2/2
    42 | D:1      | Slain by a kobold

Illustrated notes

Levels and vault maps discovered:
D:1:      dpeg_arrival_stone_temple_mockup, layout_basic

Action                     || total
---------------------------++-------
  Melee: Unarmed           ||    17
   Cast: Necrotise         ||     2
 Armour: Robe              ||     4
  Dodge: Dodged            ||    17
